[Event "Titled Tuesday Blitz March 29 Late 2022"]
[White "Terletsky, Oleg"]
[Black "Stanisz, Patryk"]
[WhiteFideId "14116774"]
[BlackFideId "1123106"]
[WhiteElo "2064"]
[BlackElo "1876"]
[Result "0-1"]
[Round "06"]
[TimeControl "180+1"]
[Date "2022.03.30"]
[WhiteClock "0:00:21"]
[BlackClock "0:00:17"]

1. e4 c5 2. Nf3 Nc6 3. d4 cxd4 4. Nxd4 Nf6 5. Nc3 e5 6. Ndb5 d6 7. Bg5 a6 8. Na3 b5 9. Nd5 Qa5+ 10. Bd2 Qd8 11. c4 Nd4 12. Bd3 Nxd5 13. exd5 Be7 14. O-O O-O 15. cxb5 f5 16. bxa6 e4 17. Bc4 f4 18. Bc3 Nf3+ 19. gxf3 Bh3 20. Kh1 Bf6 21. Rg1 Bxc3 22. bxc3 Qh4 23. Qd4 Rf6 24. fxe4 f3 25. Rg3 Raf8 26. a7 Bg2+ 27. Kg1 Qxh2+ 28. Kxh2 Rh6+ 29. Rh3 Rxh3+ 30. Kg1 Rh1# 0-1


[Site "https://www.chess.com"]

[Event "Titled Tuesday Blitz March 29 Late 2022"]
[White "Toncheva, Nadya"]
[Black "Reprintsev, Alexander"]
[WhiteFideId "2924056"]
[BlackFideId "14100541"]
[WhiteElo "1884"]
[BlackElo "2108"]
[Result "0-1"]
[Round "06"]
[TimeControl "180+1"]
[Date "2022.03.30"]
[WhiteClock "0:00:06"]
[BlackClock "0:00:17"]

1. e4 d5 2. exd5 Qxd5 3. Nf3 Bg4 4. Be2 Nc6 5. O-O O-O-O 6. Nc3 Qd7 7. d3 e5 8. Be3 f5 9. h3 h5 10. a4 a6 11. Re1 Nf6 12. Ng5 Bxe2 13. Rxe2 Bb4 14. Na2 Bd6 15. b4 Nxb4 16. Nxb4 Bxb4 17. Rb1 Bd6 18. Qc1 Nd5 19. Qb2 c6 20. Ne6 Rde8 21. Nc5 Bxc5 22. Bxc5 g5 23. Rxe5 Rxe5 24. Qxe5 Re8 25. Qb2 g4 26. c4 Nf4 27. Qb6 Nxd3 28. Qa7 Nxc5 29. Qxc5 gxh3 30. gxh3 Rg8+ 31. Kh2 Qc7+ 32. Kh1 Qf4 33. Qa3 Qe4+ 0-1


[Site "https://www.chess.com"]

[Event "Titled Tuesday Blitz March 29 Late 2022"]
[White "Tregubov, Pavel V."]
[Black "Lehtosaari, Mauri"]
[WhiteFideId "4115341"]
[BlackFideId "501999"]
[WhiteElo "2341"]
[BlackElo "2510"]
[Result "1-0"]
[Round "06"]
[TimeControl "180+1"]
[Date "2022.03.30"]
[WhiteClock "0:00:14"]
[BlackClock "0:00:02"]

1. e4 d5 2. exd5 Qxd5 3. d4 Nf6 4. Nc3 Qd8 5. Nf3 c6 6. Bc4 e6 7. O-O Be7 8. a4 a5 9. Ne2 O-O 10. Ng3 c5 11. Be3 Nbd7 12. Ne5 cxd4 13. Bxd4 Nxe5 14. Bxe5 Bd7 15. Qe2 Bc6 16. Rfd1 Qb6 17. b3 Rad8 18. h3 Rxd1+ 19. Rxd1 Rd8 20. Rxd8+ Qxd8 21. Nh5 Nxh5 22. Qxh5 Qd2 23. Qe2 Qg5 24. f3 Bc5+ 25. Kh2 h5 26. f4 Qg6 27. Bd3 f5 28. h4 Be7 29. g3 Bc5 30. Bc4 Kf7 31. Bc3 b6 32. Qe5 Bd7 33. Bd4 Bxd4 34. Qxd4 Qg4 35. Qxd7+ 1-0


[Site "https://www.chess.com"]

[Event "Titled Tuesday Blitz March 29 Late 2022"]
[White "Tsukerman, Julia"]
[Black "Koutlas, Nikolaos"]
[WhiteFideId "2621649"]
[BlackFideId "25827138"]
[WhiteElo "2135"]
[BlackElo "1610"]
[Result "0-1"]
[Round "06"]
[TimeControl "180+1"]
[Date "2022.03.30"]
[WhiteClock "0:00:25"]
[BlackClock "0:00:52"]

1. e4 e6 2. d4 d5 3. exd5 exd5 4. Bd3 Nf6 5. h3 c5 6. Nf3 c4 7. Be2 Nc6 8. c3 Bd6 9. O-O O-O 10. Re1 Bf5 11. Bg5 h6 12. Bh4 g5 13. Bg3 Bxg3 14. fxg3 Qd6 15. g4 Bg6 16. Nbd2 Rae8 17. Nf1 Ne4 18. Rc1 b5 19. b3 f5 20. gxf5 Bxf5 21. Ne3 Bg6 22. Ng4 Ng3 23. Nge5 Be4 24. Nxc6 Qxc6 25. Ne5 Qf6 26. Bf3 Qf4 27. bxc4 Bxf3 28. Nxf3 Rxe1+ 29. Qxe1 Qxc1 30. Qxc1 Ne2+ 0-1


[Site "https://www.chess.com"]

[Event "Titled Tuesday Blitz March 29 Late 2022"]
[White "Vifleemskaia, Svetlana"]
[Black "Maranhao,Jose Renato Ruiz"]
[WhiteFideId "4129490"]
[BlackFideId "2135175"]
[WhiteElo "1901"]
[BlackElo "1970"]
[Result "1-0"]
[Round "06"]
[TimeControl "180+1"]
[Date "2022.03.30"]
[WhiteClock "0:00:39"]
[BlackClock "0:00:06"]

1. d4 d5 2. c4 c6 3. cxd5 cxd5 4. Bf4 Nf6 5. Nc3 e6 6. e3 Nc6 7. Rc1 Bd6 8. Bxd6 Qxd6 9. f4 a6 10. Bd3 O-O 11. Nf3 Qb4 12. Qd2 Rd8 13. O-O Bd7 14. Ne5 Rac8 15. Rc2 Qe7 16. Rfc1 Nb4 17. g4 Nxc2 18. Bxc2 h6 19. Qd3 Bb5 20. Qd2 Rc7 21. a4 Be8 22. Qd3 Rdc8 23. Rf1 Ne4 24. Nf3 f5 25. gxf5 exf5 26. Nxd5 Qb4 27. Nxb4 1-0


[Site "https://www.chess.com"]

[Event "Titled Tuesday Blitz March 29 Late 2022"]
[White "Vovk, Orest"]
[Black "Terrieux, Kevin"]
[WhiteFideId "14113490"]
[BlackFideId "622591"]
[WhiteElo "2479"]
[BlackElo "2670"]
[Result "1-0"]
[Round "06"]
[TimeControl "180+1"]
[Date "2022.03.30"]
[WhiteClock "0:00:59"]
[BlackClock "0:00:05"]

1. h4 e5 2. h5 h6 3. d4 e4 4. d5 Nf6 5. Nc3 c6 6. Bf4 cxd5 7. Nxd5 Qa5+ 8. Nc3 d5 9. e3 Bb4 10. Ne2 Nc6 11. a3 Be7 12. Nd4 O-O 13. Be2 Nxd4 14. Qxd4 Bc5 15. Qa4 Qxa4 16. Nxa4 Be7 17. O-O-O Be6 18. Nc3 Rac8 19. Nb5 a6 20. Nd4 Bc5 21. Kb1 Bg4 22. Bxg4 Nxg4 23. Bg3 Rfd8 24. Rd2 Be7 25. Nf5 Bf8 26. Rhd1 g6 27. hxg6 fxg6 28. Nh4 Kf7 29. Rxd5 Rxd5 30. Rxd5 Be7 31. Rd7 Ke6 32. Rxb7 Rg8 33. Rb6+ Kf7 34. Rxa6 Bxh4 35. Bxh4 g5 36. Bg3 h5 37. b4 h4 38. Bc7 Nxf2 39. b5 g4 40. b6 h3 41. gxh3 g3 42. Bxg3 Rxg3 43. b7 Rg1+ 44. Ka2 Nd1 45. b8=Q 1-0


[Site "https://www.chess.com"]

[Event "Titled Tuesday Blitz March 29 Late 2022"]
[White "Winkels, Marcel"]
[Black "Sarkar, Justin"]
[WhiteFideId "1003887"]
[BlackFideId "2010011"]
[WhiteElo "1900"]
[BlackElo "2038"]
[Result "1-0"]
[Round "06"]
[TimeControl "180+1"]
[Date "2022.03.30"]
[WhiteClock "0:00:59"]
[BlackClock "0:00:01"]

1. e4 c5 2. Nf3 d6 3. d4 cxd4 4. Nxd4 Nf6 5. Nc3 a6 6. Be2 e6 7. O-O Be7 8. Kh1 b5 9. a3 Bb7 10. Bd3 Nbd7 11. f4 O-O 12. f5 e5 13. Nde2 h6 14. Ng3 Nb6 15. Qf3 d5 16. Rd1 Qc7 17. Nh5 d4 18. Nxf6+ Bxf6 19. Ne2 Nc4 20. Ng3 Kh7 21. Nh5 Qb6 22. Rf1 Rad8 23. b3 Ne3 24. Bxe3 dxe3 25. Rae1 Bg5 26. g3 Qc5 27. h4 Be7 28. f6 Bxf6 29. Nxf6+ gxf6 30. Qf5+ Kg7 31. Qxf6+ Kg8 32. Qxh6 Rd6 33. Qxe3 1-0


[Site "https://www.chess.com"]

[Event "Titled Tuesday Blitz March 29 Late 2022"]
[White "Zhukov, Maksim"]
[Black "Ardila, Oscar Humberto"]
[WhiteFideId "34181790"]
[BlackFideId "4404742"]
[WhiteElo "1978"]
[BlackElo "1966"]
[Result "1-0"]
[Round "06"]
[TimeControl "180+1"]
[Date "2022.03.30"]
[WhiteClock "0:00:38"]
[BlackClock "0:00:11"]

1. d4 Nf6 2. Nf3 e6 3. g3 Be7 4. Bg2 O-O 5. O-O d6 6. c4 Nbd7 7. Nc3 a6 8. e4 e5 9. d5 Nc5 10. Ne1 a5 11. Nd3 b6 12. b3 Bg4 13. f3 Bh5 14. a3 Nfd7 15. g4 Bg6 16. Be3 Bg5 17. Bf2 Nxd3 18. Qxd3 Bf4 19. b4 h5 20. h3 hxg4 21. hxg4 Qg5 22. Ne2 Bd2 23. Qb3 axb4 24. axb4 Rfb8 25. Nc3 Be3 26. Nb5 Bxf2+ 27. Kxf2 Qd2+ 28. Kg1 Nf6 29. Nxc7 Rxa1 30. Rxa1 Qd4+ 31. Kh2 Rc8 32. Nb5 Qxc4 33. Qxc4 Rxc4 34. Rb1 Ne8 35. Bf1 Rc2+ 36. Kg3 f6 37. Na3 Rc3 38. Nc4 Kf8 39. Kf2 Ke7 40. Nxb6 Nc7 41. Nc8+ Kd8 42. Na7 Be8 43. b5 Ra3 44. b6 Ra2+ 45. Kg3 Na6 46. Bxa6 Rxa6 47. b7 Rxa7 48. b8=Q+ 1-0


[Site "https://www.chess.com"]

[Event "Titled Tuesday Blitz March 29 Late 2022"]
[White "Al-Tarboush, Ward"]
[Black "Aydin, Gulenay"]
[WhiteFideId "7601450"]
[BlackFideId "34557431"]
[WhiteElo "2276"]
[BlackElo "1429"]
[Result "1-0"]
[Round "07"]
[TimeControl "180+1"]
[Date "2022.03.30"]
[WhiteClock "0:02:00"]
[BlackClock "0:00:02"]

1. e4 c5 2. Nf3 d6 3. d4 cxd4 4. Nxd4 Nf6 5. Nc3 g6 6. h3 Bg7 7. Be3 O-O 8. Be2 Nc6 9. O-O a6 10. Qd2 Nxd4 11. Bxd4 b5 12. Rad1 Bb7 13. Bf3 Rc8 14. Rfe1 Nd7 15. Bxg7 Kxg7 16. Qd4+ Kg8 17. Bg4 Rc4 18. Qd2 Nf6 19. Bf3 Qc7 20. a3 Rc8 21. Re3 a5 22. Nxb5 Qb6 23. Nd4 e5 24. Ne2 Nxe4 25. Bxe4 Bxe4 26. Qxd6 Qxb2 27. Ng3 Bxc2 28. Rde1 e4 29. h4 Bd3 30. h5 Rc2 31. Nxe4 Bxe4 32. Rxe4 Rxf2 33. Re8+ Rxe8 34. Rxe8+ Kg7 35. Qf8+ Kf6 36. Qe7+ Kg7 37. h6+ Kxh6 38. Qh4+ Kg7 39. Qxf2 Qb1+ 40. Qe1 Qb6+ 41. Qe3 Qb1+ 42. Kh2 Qf5 43. Qe5+ 1-0


[Site "https://www.chess.com"]

[Event "Titled Tuesday Blitz March 29 Late 2022"]
[White "Ambartsumova, Karina"]
[Black "Baches Garcia, Guillermo"]
[WhiteFideId "4166299"]
[BlackFideId "2209764"]
[WhiteElo "2262"]
[BlackElo "2490"]
[Result "1/2-1/2"]
[Round "07"]
[TimeControl "180+1"]
[Date "2022.03.30"]
[WhiteClock "0:00:27"]
[BlackClock "0:00:26"]

1. c4 e5 2. Nc3 Nf6 3. Nf3 Nc6 4. a3 d5 5. cxd5 Nxd5 6. Qc2 Be7 7. e4 Nxc3 8. dxc3 Be6 9. b4 Bd6 10. Bb2 O-O 11. c4 Nd4 12. Nxd4 exd4 13. Bxd4 Bxb4+ 14. axb4 Qxd4 15. Rd1 Qe5 16. Be2 a5 17. bxa5 Qxa5+ 18. Kf1 Rfd8 19. g4 Rxd1+ 20. Qxd1 Qc3 21. Kg2 Bxc4 22. Bxc4 Qxc4 23. Qd5 Qxd5 24. exd5 Rd8 25. Rc1 Rxd5 26. Rxc7 g6 27. Rxb7 Kg7 28. h4 h5 29. f3 hxg4 30. fxg4 Rd2+ 31. Kg3 Rd3+ 32. Kg2 Rd2+ 33. Kg3 Rd3+ 34. Kg2 Rd2+ 1/2-1/2


[Site "https://www.chess.com"]

[Event "Titled Tuesday Blitz March 29 Late 2022"]
[White "Arabidze, Meri"]
[Black "Milanovic, Marko"]
[WhiteFideId "13604040"]
[BlackFideId "980129"]
[WhiteElo "2335"]
[BlackElo "2159"]
[Result "1-0"]
[Round "07"]
[TimeControl "180+1"]
[Date "2022.03.30"]
[WhiteClock "0:02:18"]
[BlackClock "0:01:44"]

1. Nf3 d5 2. g3 g6 3. Bg2 Bg7 4. O-O e5 5. d3 Ne7 6. c4 Nbc6 7. cxd5 Nxd5 8. Nc3 Be6 9. Bg5 f6 10. Bd2 O-O 11. Ne4 Qe7 12. Rc1 Rad8 13. a3 Kh8 14. b4 f5 15. Bg5 Nf6 16. Nxf6 Bxf6 17. Bxf6+ Rxf6 18. Rxc6 bxc6 19. Nxe5 Bd5 20. Qa1 Kg8 21. e4 fxe4 22. dxe4 Re6 23. Ng4 Bc4 24. Nh6+ Kf8 25. Qh8# 1-0


[Site "https://www.chess.com"]

[Event "Titled Tuesday Blitz March 29 Late 2022"]
[White "Ardila, Oscar Humberto"]
[Black "Kostiukov, Alexandr"]
[WhiteFideId "4404742"]
[BlackFideId "14108100"]
[WhiteElo "1966"]
[BlackElo "2202"]
[Result "0-1"]
[Round "07"]
[TimeControl "180+1"]
[Date "2022.03.30"]
[WhiteClock "0:00:25"]
[BlackClock "0:01:03"]

1. d4 g6 2. c4 Bg7 3. Nc3 d6 4. Nf3 e5 5. d5 f5 6. e4 Nf6 7. Bg5 h6 8. Bxf6 Qxf6 9. Bd3 O-O 10. Qd2 Na6 11. O-O-O Nc5 12. Bc2 a5 13. Rhe1 Bd7 14. Kb1 a4 15. h3 g5 16. exf5 Bxf5 17. Ne4 Nxe4 18. Bxe4 Bxe4+ 19. Rxe4 a3 20. b3 Rf7 21. Rde1 Qg6 22. Kc1 Rf4 23. Qc2 Qf7 24. Qd3 Rf8 25. Qd2 Rxf3 26. g3 Rxf2 27. R4e2 e4 28. Qe3 Rxe2 29. Rxe2 Qf1+ 30. Re1 Qd3 31. Qxd3 exd3 32. Kd2 Rf2+ 33. Kxd3 Rxa2 34. Re8+ Kf7 35. Rc8 Rg2 36. Rxc7+ Kg6 37. Rxb7 a2 38. Ra7 a1=Q 39. Rxa1 Bxa1 0-1


[Site "https://www.chess.com"]

[Event "Titled Tuesday Blitz March 29 Late 2022"]
[White "Barria Zuniga, Daniel"]
[Black "Gracia Alvarez, Gerardo Antonio"]
[WhiteFideId "3400816"]
[BlackFideId "5109124"]
[WhiteElo "2414"]
[BlackElo "2139"]
[Result "1-0"]
[Round "07"]
[TimeControl "180+1"]
[Date "2022.03.30"]
[WhiteClock "0:00:40"]
[BlackClock "0:00:03"]

1. d4 d5 2. c4 e6 3. Nf3 a6 4. e3 Nf6 5. Nc3 dxc4 6. Bxc4 b5 7. Bb3 Bb7 8. O-O Nbd7 9. Re1 Bd6 10. e4 e5 11. Bg5 h6 12. Bh4 O-O 13. Rc1 Re8 14. dxe5 Nxe5 15. Nd4 Bc5 16. Nd5 Bxd5 17. exd5 Bxd4 18. Qxd4 Qd6 19. Bg3 Nfd7 20. Rcd1 Qf6 21. Qc3 Rac8 22. Re3 Ng4 23. Qxf6 Ngxf6 24. Rc3 Ne4 25. Rxc7 Nxg3 26. Rxc8 Rxc8 27. hxg3 a5 28. d6 a4 29. Bd5 Rc2 30. Bb7 Rxb2 31. Bc6 Nf6 32. d7 Nxd7 33. Rxd7 Rxa2 34. Bd5 Ra1+ 35. Kh2 Kf8 36. Bxf7 b4 37. Bg6 b3 38. Rf7+ Kg8 39. Re7 1-0


[Site "https://www.chess.com"]

[Event "Titled Tuesday Blitz March 29 Late 2022"]
[White "Batsiashvili, Nino"]
[Black "Petrova, Irina"]
[WhiteFideId "13602993"]
[BlackFideId "14124122"]
[WhiteElo "2192"]
[BlackElo "1993"]
[Result "1-0"]
[Round "07"]
[TimeControl "180+1"]
[Date "2022.03.30"]
[WhiteClock "0:00:15"]
[BlackClock "0:00:09"]

1. d4 d6 2. c4 e5 3. Nc3 exd4 4. Qxd4 Nc6 5. Qd2 Nf6 6. b3 a5 7. Bb2 a4 8. Rd1 axb3 9. axb3 Be7 10. Nf3 O-O 11. g3 Nd7 12. Nd5 Nc5 13. Bg2 Re8 14. O-O Bf8 15. b4 Ne6 16. b5 Ne7 17. Nd4 Nxd5 18. cxd5 Nxd4 19. Bxd4 Bd7 20. Qb2 b6 21. Bc3 Ra4 22. Rd4 Qa8 23. Rxa4 Qxa4 24. Rb1 Qc4 25. Bf3 Ra8 26. Qb4 Ra4 27. Qxc4 Rxc4 28. Bd2 Rc5 29. Be3 Rxb5 30. Rc1 Bh3 31. Rxc7 Rb1+ 32. Rc1 Rxc1+ 33. Bxc1 b5 34. Ba3 Bf5 35. e4 Bd7 36. Kf1 Be7 37. e5 Kf8 38. exd6 Bf6 39. Bb4 Ke8 40. Ke2 Bf5 41. Ke3 Kd7 42. Be2 Be5 43. Bxb5+ Kd8 44. f4 Bb2 45. Bc5 Bd7 46. Bxd7 Kxd7 47. g4 Bf6 48. Ke4 g6 49. Bd4 Bd8 50. Bc5 Bf6 51. h3 Bd8 52. f5 Bf6 53. fxg6 fxg6 54. Bd4 Bd8 55. Ke5 Bh4 56. Be3 Bg3+ 57. Bf4 Bh4 58. g5 Be1 59. Kf6 Bc3+ 60. Kf7 Bd4 61. Kg8 1-0


[Site "https://www.chess.com"]

[Event "Titled Tuesday Blitz March 29 Late 2022"]
[White "Bibasa, Bob"]
[Black "Aldokhin, Ivan"]
[WhiteFideId "10000240"]
[BlackFideId "24115720"]
[WhiteElo "2056"]
[BlackElo "2231"]
[Result "0-1"]
[Round "07"]
[TimeControl "180+1"]
[Date "2022.03.30"]
[WhiteClock "0:01:01"]
[BlackClock "0:00:58"]

1. e4 c5 2. Nf3 e6 3. Nc3 a6 4. g3 b5 5. a3 Bb7 6. d3 Nc6 7. Bg2 Nf6 8. O-O d6 9. Be3 Be7 10. Qd2 Ng4 11. h3 Nxe3 12. Qxe3 Bf6 13. Rad1 O-O 14. e5 dxe5 15. Qxc5 Rc8 16. Qe3 Nd4 17. Nxe5 Bxg2 18. Kxg2 Nxc2 19. Qe4 Qd4 20. Qxd4 Nxd4 21. Nd7 Rfd8 22. Nxf6+ gxf6 23. Rfe1 f5 24. f4 Rd7 25. Kf2 Kg7 26. Rd2 Kf6 27. Ke3 Rg8 28. Rg2 h5 29. Reg1 Rgd8 30. Rd1 Nb3 31. g4 hxg4 32. hxg4 fxg4 33. Rxg4 Nd4 34. Ne4+ Ke7 35. Rg7 Nf5+ 0-1


[Site "https://www.chess.com"]

[Event "Titled Tuesday Blitz March 29 Late 2022"]
[White "Bortnyk, Olexandr"]
[Black "Sjugirov, Sanan"]
[WhiteFideId "14120828"]
[BlackFideId "4189302"]
[WhiteElo "2723"]
[BlackElo "2602"]
[Result "1/2-1/2"]
[Round "07"]
[TimeControl "180+1"]
[Date "2022.03.29"]
[WhiteClock "0:00:01"]
[BlackClock "0:00:05"]

1. d4 Nf6 2. Nc3 d5 3. Bf4 Bf5 4. f3 e6 5. g4 Bg6 6. h4 h5 7. g5 Nfd7 8. e3 Nc6 9. Bd3 Bxd3 10. Qxd3 g6 11. e4 Nb6 12. Nge2 Bg7 13. O-O-O O-O 14. a3 a6 15. b3 Qe7 16. Kb2 Na5 17. Ka2 Rad8 18. Qe3 Nc6 19. Rhe1 Qd7 20. Bg3 Na7 21. Be5 Nb5 22. Bxg7 Kxg7 23. Qf4 Qc6 24. Rd3 Kg8 25. Kb2 Nd6 26. Ng3 Rde8 27. Rg1 dxe4 28. fxe4 e5 29. dxe5 Ndc4+ 30. bxc4 Nxc4+ 31. Kc1 Qc5 32. Nce2 Rxe5 33. Rc3 b5 34. Rd1 Qe7 35. Qf6 Qc5 36. Nd4 Ree8 37. Nxh5 gxh5 38. Nf5 Qe5 39. Qxe5 Rxe5 40. Ng3 Kh7 41. Rd7 Kg6 42. Rxc7 f6 43. Rc6 Rfe8 44. Rxf6+ Kh7 45. Rh6+ Kg7 46. Rf3 Rd8 47. Nxh5+ Kg8 48. Nf6+ Kg7 49. Nh5+ Kg8 50. Ng3 Re7 51. Rd3 Rf8 52. Rg6+ Kh7 53. Rh6+ Kg8 54. Rd5 Rf3 55. Rd8+ Kg7 56. Nh5+ Kf7 57. Rf6+ Rxf6 58. Nxf6 Rc7 59. h5 Nxa3 60. Rd7+ Rxd7 61. Nxd7 Nc4 62. g6+ Kg7 63. e5 a5 64. e6 Nd6 65. e7 a4 66. Kb2 b4 67. Ka2 a3 68. Kb3 Ne8 69. Ne5 Kh6 70. Nc6 Kxh5 71. Nxb4 Kxg6 72. Kxa3 Kf5 73. Nc6 Ke6 74. Kb4 Kd6 75. Kb5 Nc7+ 76. Kb6 Nd5+ 77. Kb7 Nf6 78. c3 Kc5 79. Kc7 Nd5+ 80. Kd7 Nxe7 81. Nxe7 Kc4 82. Nd5 Kxd5 83. Kc7 Kc4 84. Kc6 Kxc3 1/2-1/2


[Site "https://www.chess.com"]

[Event "Titled Tuesday Blitz March 29 Late 2022"]
[White "Caruana, Fabiano"]
[Black "Sarana, Alexey"]
[WhiteFideId "2020009"]
[BlackFideId "24133795"]
[WhiteElo "2744"]
[BlackElo "2666"]
[Result "0-1"]
[Round "07"]
[TimeControl "180+1"]
[Date "2022.03.29"]
[WhiteClock "0:00:09"]
[BlackClock "0:01:17"]

1. d4 Nf6 2. Bf4 d5 3. e3 c5 4. Nf3 Nc6 5. Be2 e6 6. O-O Be7 7. c3 O-O 8. h3 Ne4 9. Nbd2 f5 10. dxc5 Bxc5 11. c4 g5 12. Nxe4 dxe4 13. Nxg5 e5 14. Qd5+ Qxd5 15. cxd5 exf4 16. dxc6 fxe3 17. f3 h6 18. cxb7 Bxb7 19. Ne6 exf3 20. Nxc5 fxe2 21. Rfe1 Bd5 22. Rxe2 f4 23. Rc1 Rad8 24. g3 Bf3 25. Ree1 Rd2 26. gxf4 Rg2+ 27. Kh1 Rxb2+ 28. Kg1 Rg2+ 29. Kh1 Rxa2+ 30. Kg1 Rg2+ 31. Kh1 Rf7 32. Rxe3 Rc2+ 0-1


[Site "https://www.chess.com"]

[Event "Titled Tuesday Blitz March 29 Late 2022"]
[White "Cervantes Landeiro, Thalia"]
[Black "Zhukov, Maksim"]
[WhiteFideId "3520498"]
[BlackFideId "34181790"]
[WhiteElo "2021"]
[BlackElo "1978"]
[Result "1-0"]
[Round "07"]
[TimeControl "180+1"]
[Date "2022.03.30"]
[WhiteClock "0:01:35"]
[BlackClock "0:01:48"]

1. d4 d5 2. c4 e6 3. Nc3 c6 4. cxd5 exd5 5. Nf3 Bd6 6. Bg5 Qb6 7. Qc2 Bg4 8. e3 Bxf3 9. gxf3 Nd7 10. Bh3 Ndf6 11. O-O-O a5 12. e4 dxe4 13. fxe4 h6 14. Bxf6 Bf4+ 15. Kb1 Nxf6 16. e5 Nd5 17. Nxd5 cxd5 18. Qf5 Bg5 19. Qd7+ Kf8 20. e6 Rd8 21. Qxf7# 1-0


[Site "https://www.chess.com"]

[Event "Titled Tuesday Blitz March 29 Late 2022"]
[White "Chernobay, Artem"]
[Black "Dimakiling, Oliver"]
[WhiteFideId "4167406"]
[BlackFideId "5202248"]
[WhiteElo "2473"]
[BlackElo "2426"]
[Result "1/2-1/2"]
[Round "07"]
[TimeControl "180+1"]
[Date "2022.03.29"]
[WhiteClock "0:00:08"]
[BlackClock "0:00:28"]

1. e4 g6 2. d4 Bg7 3. Nc3 d6 4. f4 a6 5. Nf3 Bg4 6. Be3 Nc6 7. d5 Bxf3 8. Qxf3 Nd4 9. Qf2 c5 10. dxc6 Nxc6 11. Nd5 Rc8 12. c3 Nf6 13. Nxf6+ Bxf6 14. Be2 O-O 15. O-O Qa5 16. Bb6 Qa4 17. Bd3 Nb8 18. a3 Nd7 19. Be3 Nc5 20. Bxc5 Rxc5 21. e5 Bg7 22. exd6 exd6 23. f5 Re5 24. Rae1 Qe8 25. Rxe5 Qxe5 26. Re1 Qc5 27. Qxc5 dxc5 28. Re7 b5 29. Rd7 Re8 30. Kf2 Be5 31. g3 Kg7 32. Ra7 c4 33. Be2 gxf5 34. Rxa6 f4 35. Rb6 fxg3+ 36. hxg3 Bxg3+ 37. Kf3 Rb8 38. Rxb8 Bxb8 39. a4 bxa4 40. Bxc4 Bd6 41. Bb5 a3 42. bxa3 Bxa3 43. c4 f5 44. Bd7 Kf6 45. Bxf5 Kxf5 46. c5 Bxc5 47. Kg2 Kg4 48. Kh1 Kf3 49. Kh2 Bf2 50. Kh1 Kg3 1/2-1/2


[Site "https://www.chess.com"]

[Event "Titled Tuesday Blitz March 29 Late 2022"]
[White "Curtis, John"]
[Black "Pourkashiyan, Atousa"]
[WhiteFideId "3200256"]
[BlackFideId "12502014"]
[WhiteElo "2203"]
[BlackElo "2247"]
[Result "0-1"]
[Round "07"]
[TimeControl "180+1"]
[Date "2022.03.30"]
[WhiteClock "0:00:05"]
[BlackClock "0:01:49"]

1. e4 c5 2. Nf3 e6 3. g3 d5 4. exd5 exd5 5. Bg2 Nf6 6. O-O Be7 7. d3 O-O 8. Re1 Nc6 9. Nc3 Bg4 10. h3 Bh5 11. Bg5 h6 12. Bf4 d4 13. Nb1 Nd5 14. Bc1 Bd6 15. Nbd2 Re8 16. Rxe8+ Qxe8 17. Ne4 Bf8 18. a3 f5 19. Ned2 Qe6 20. Nc4 Re8 21. Bd2 b5 22. Na5 Nxa5 23. Bxa5 b4 24. a4 Qa6 25. g4 fxg4 26. Nxd4 Nf6 27. Nb3 gxh3 28. Bf3 Re1+ 29. Qxe1 Bxf3 30. Qe5 Ng4 31. Qf4 h2+ 32. Qxh2 Nxh2 33. Kxh2 Qd6+ 34. Kh3 Qe6+ 0-1


[Site "https://www.chess.com"]

[Event "Titled Tuesday Blitz March 29 Late 2022"]
[White "Desideri, Ricardo Maruchi"]
[Black "Piliczewski, Bogusz"]
[WhiteFideId "2110440"]
[BlackFideId "1104144"]
[WhiteElo "1945"]
[BlackElo "1896"]
[Result "0-1"]
[Round "07"]
[TimeControl "180+1"]
[Date "2022.03.30"]
[WhiteClock "0:00:39"]
[BlackClock "0:01:12"]

1. e4 c6 2. d4 d5 3. e5 c5 4. dxc5 e6 5. Qg4 Nd7 6. f4 Nxc5 7. Be3 Nh6 8. Qh5 Ne4 9. Nd2 Nxd2 10. Bxd2 g6 11. Qh3 Nf5 12. Nf3 Bc5 13. g4 Ne3 14. Bd3 h5 15. Nh4 hxg4 0-1


[Site "https://www.chess.com"]

[Event "Titled Tuesday Blitz March 29 Late 2022"]
[White "Diaz Perez, Michel Alejandro"]
[Black "Cardoso Cardoso, Jose Gabriel"]
[WhiteFideId "3517179"]
[BlackFideId "4430492"]
[WhiteElo "2337"]
[BlackElo "2451"]
[Result "1-0"]
[Round "07"]
[TimeControl "180+1"]
[Date "2022.03.29"]
[WhiteClock "0:00:49"]
[BlackClock "0:00:03"]

1. d4 g6 2. c4 Bg7 3. Nc3 d6 4. e4 Nf6 5. Be2 O-O 6. h4 c5 7. d5 e6 8. h5 Re8 9. h6 Bh8 10. Bg5 Qa5 11. Kf1 exd5 12. exd5 Ne4 13. Nxe4 Rxe4 14. Qc2 Bf5 15. Bd3 Re5 16. Nf3 Bxd3+ 17. Qxd3 Re8 18. Qb3 Qb6 19. Bf4 Nd7 20. Rb1 Re4 21. Bg3 Qa6 22. Qb5 Qxa2 23. Nd2 Nb6 24. Rd1 Rd4 25. Re1 Qa4 26. Qxa4 Nxa4 27. Nf3 Rxc4 28. b3 Rb4 29. bxa4 Rxa4 30. Bxd6 c4 31. Rh4 f5 32. Be5 Re8 33. Bxh8 Rxe1+ 34. Nxe1 Kxh8 35. d6 1-0


[Site "https://www.chess.com"]

[Event "Titled Tuesday Blitz March 29 Late 2022"]
[White "Dreev, Aleksey"]
[Black "Kosakowski, Jakub"]
[WhiteFideId "4100107"]
[BlackFideId "1185080"]
[WhiteElo "2625"]
[BlackElo "2476"]
[Result "1-0"]
[Round "07"]
[TimeControl "180+1"]
[Date "2022.03.29"]
[WhiteClock "0:01:27"]
[BlackClock "0:00:19"]

1. d4 Nf6 2. c4 g6 3. Nc3 Bg7 4. e4 d6 5. Bd3 O-O 6. Nge2 Nc6 7. O-O Nd7 8. Bc2 e5 9. d5 Nb4 10. Bb1 a5 11. Be3 f5 12. exf5 gxf5 13. f4 e4 14. a3 Nd3 15. Bxd3 exd3 16. Qxd3 Nc5 17. Bxc5 dxc5 18. Kh1 Ra6 19. Ng1 Bd7 20. Nf3 Rb6 21. Rf2 Re8 22. Re2 Rxe2 23. Qxe2 Bd4 24. Re1 Qf6 25. Ne5 Qg7 26. Nxd7 Qxd7 27. Nb5 Bg7 28. b3 c6 29. Qe6+ Qxe6 30. Rxe6 Kf7 31. a4 Bf6 32. Nd6+ Kg6 33. Ne8 Rxb3 34. Rxf6+ Kh5 35. h3 1-0


[Site "https://www.chess.com"]

[Event "Titled Tuesday Blitz March 29 Late 2022"]
[White "Dubov, Daniil"]
[Black "Yanchenko, Roman"]
[WhiteFideId "24126055"]
[BlackFideId "4137329"]
[WhiteElo "2791"]
[BlackElo "2514"]
[Result "0-1"]
[Round "07"]
[TimeControl "180+1"]
[Date "2022.03.29"]
[WhiteClock "0:00:34"]
[BlackClock "0:00:19"]

1. d4 d5 2. Nf3 Bf5 3. c4 c6 4. Nc3 e6 5. Qb3 Qb6 6. c5 Qc7 7. Bf4 Qc8 8. Nh4 Bg6 9. Nxg6 hxg6 10. e4 Nf6 11. Bd3 dxe4 12. Bxe4 Nbd7 13. O-O Nxe4 14. Nxe4 Nf6 15. Nd6+ Bxd6 16. Bxd6 Kd7 17. Qf3 Rh4 18. b4 Rxd4 19. Be5 Rd5 20. Bxf6 gxf6 21. Qxf6 Qf8 22. Rfd1 Rd8 23. Rxd5+ cxd5 24. Rc1 Qe7 25. Qf4 e5 26. Qg4+ Kc7 27. b5 d4 28. c6 e4 29. Qf4+ Rd6 30. Qd2 b6 31. Qb4 e3 32. Qa3 exf2+ 33. Kf1 a5 34. Qg3 d3 35. Qf4 Qe2# 0-1


[Site "https://www.chess.com"]

[Event "Titled Tuesday Blitz March 29 Late 2022"]
[White "Eames, Robert S"]
[Black "Prohorov, Olexandr"]
[WhiteFideId "408743"]
[BlackFideId "14105578"]
[WhiteElo "2105"]
[BlackElo "1993"]
[Result "0-1"]
[Round "07"]
[TimeControl "180+1"]
[Date "2022.03.30"]
[WhiteClock "0:00:11"]
[BlackClock "0:02:01"]

1. e4 c5 2. Nc3 a6 3. g3 b5 4. Bg2 Bb7 5. d3 Nf6 6. Nh3 e6 7. O-O b4 8. Ne2 d6 9. f4 Be7 10. Nf2 Nbd7 11. g4 Nb6 12. g5 Nfd7 13. Ng3 Qc7 14. Qh5 g6 15. Qe2 O-O-O 16. Be3 h6 17. gxh6 Rxh6 18. f5 Rh4 19. fxe6 fxe6 20. a3 a5 21. axb4 axb4 22. d4 Rdh8 23. dxc5 dxc5 24. Qb5 Rxh2 25. Ng4 Qxg3 0-1


[Site "https://www.chess.com"]